Map: Stasis LE

Players

Rekijan - Winner!

  • Race: Zerg Zerg
  • Spawn Location: 1:00

VOD

Have the link to the VOD?

Description

Time

  • Played on: Jan. 12, 2019, 5:26 a.m.
  • Length: 26:55
Show
View Real Time Build Order
Export as new Build Order

Rekijan Zerg - Winner!

Build Orders:  

Get SALT Encoding   

  12  0:01  Drone  
  13  0:18  Overlord  
  13  0:34  Drone  
  14  0:45  Drone x2  
  14  0:49  Drone  
  17  1:20  Hatchery  
  17  1:21  Drone  
  17  1:42  Spawning Pool  
  17  1:45  Drone  
  17  1:50  Drone  
  17  1:55  Drone  
  19  2:04  Drone  
  20  2:15  Extractor  
  19  2:20  Drone  
  20  2:34  Overlord  
  20  2:49  Queen  
  22  3:02  Queen  
  22  3:04  Drone x2  
  26  3:20  Drone x2  
  26  3:21  Drone  
  29  3:32  Drone  
  29  3:39  Overlord  
  30  3:49  Drone  
  31  3:53  Drone  
  31  3:57  Queen  
  34  4:04  Drone  
  35  4:22  Drone  
  35  4:23  Drone  
  37  4:38  Evolution Chamber  
  36  4:40  Drone x4  
  36  4:41  Drone  
  36  4:42  Roach Warren  
  36  4:47  Spine Crawler  
  39  5:10  Drone  
  39  5:13  Extractor  
  39  5:14  Drone x5  
  39  5:17  Extractor  
  43  5:27  Drone  
  44  5:42  Overlord  
  44  5:44  Lair  
  44  5:54  Zerg Missile Weapons Level 1  
  44  6:01  Overlord x2  
  44  6:09  Roach  
  46  6:10  Roach x3  
  52  6:39  Roach x8  
  68  7:01  Overlord x2  
  68  7:02  Overlord  
  68  7:23  Hatchery  
  68  7:28  Glial Reconstitution  
  67  7:47  Overlord x3  
  67  8:07  Roach x2  
  67  8:08  Roach x3  
  77  8:25  Drone x7  
  84  8:41  Roach  
  86  8:54  Drone x4  
  86  8:55  Drone x2  
  92  9:03  Drone  
  92  9:04  Drone  
  94  9:10  Roach  
  94  9:11  Roach  
  98  9:31  Extractor  
  97  9:47  Drone x3  
  97  9:48  Drone x5  
  69  10:00  Zerg Missile Weapons Level 2  
  69  10:05  Evolution Chamber  
  68  10:15  Hydralisk Den  
  68  10:17  Infestation Pit  
  66  10:43  Zerg Ground Armor Level 1  
  66  10:59  Extractor  
  65  11:00  Extractor  
  65  11:01  Drone x2  
  65  11:02  Drone  
  65  11:03  Drone x3  
  65  11:06  Drone  
  71  11:27  Overlord x8  
  71  11:49  Roach  
  73  11:50  Roach x12  
  73  11:53  Hatchery  
  96  12:13  Spire, Extractor  
  96  12:15  Hydralisk x8  
  96  12:16  Hydralisk  
  96  12:18  Extractor  
  111  12:34  Roach x5  
  121  12:48  Hive  
  121  13:02  Hydralisk x4  
  129  13:22  Overseer  
  129  13:26  Roach  
  129  13:27  Roach x9  
  149  13:43  Hydralisk x4  
  149  13:45  Unknown  
  157  13:54  Greater Spire  
  157  13:58  Roach  
  157  13:59  Roach x8  
  175  14:05  Hydralisk x3  
  175  14:06  Hydralisk  
  183  14:57  Corruptor  
  183  14:58  Corruptor x3  
  191  15:10  Overlord x5  
  163  15:25  Unknown  
  163  15:29  Corruptor x2  
  145  15:30  Corruptor x2  
  145  15:37  Roach  
  145  15:38  Roach x12  
  113  15:51  Drone  
  113  15:52  Drone x6  
  113  15:58  Drone x2  
  114  16:15  Overseer  
  114  16:17  Brood Lord x3  
  114  16:18  Brood Lord  
  122  16:30  Drone  
  122  16:31  Drone x2  
  122  16:32  Drone x3  
  128  16:46  Zerg Flyer Weapons Level 1  
  128  16:49  Brood Lord  
  130  16:52  Roach  
  130  16:53  Roach x5  
  142  17:10  Roach x5  
  142  17:11  Roach x2  
  142  17:13  Hydralisk  
  158  17:36  Drone x2  
  160  17:41  Drone  
  161  17:57  Brood Lord x3  
  167  18:00  Hydralisk x5  
  167  18:01  Hydralisk  
  167  18:04  Hatchery  
  178  18:21  Roach x8  
  194  18:47  Extractor  
  193  18:52  Extractor  
  193  18:53  Roach  
  193  18:54  Roach x3  
  193  18:58  Zerg Missile Weapons Level 3  
  193  18:59  Zerg Ground Armor Level 2  
  200  19:33  Zerg Flyer Weapons Level 2  
  200  19:49  Roach x7  
  192  19:50  Roach x4  
  200  20:23  Hydralisk x2  
  192  20:37  Hydralisk, Roach  
  192  20:38  Hydralisk x5, Roach  
  200  20:40  Hydralisk x2, Roach x3  
  180  20:52  Roach x9  
  180  20:53  Hydralisk, Roach x3  
  180  20:54  Hydralisk x4  
  180  20:55  Hydralisk x2  
  174  21:16  Hydralisk x6  
  174  21:18  Roach  
  180  21:40  Drone x2  
  180  21:41  Drone  
  183  21:57  Roach x3  
  183  21:58  Roach x7  
  183  21:59  Hydralisk  
  191  22:23  Zerg Ground Armor Level 3  
  183  22:39  Roach  
  185  22:40  Roach x7  
  197  22:56  Roach  
  199  23:11  Hatchery  
  199  23:17  Corruptor x3  
  200  24:11  Pathogen Glands  
  200  24:21  Tunneling Claws  
  200  24:25  Overseer x2  
  200  24:29  Pneumatized Carapace  
  200  24:56  Metabolic Boost  
  200  25:29  Brood Lord  
  200  25:31  Brood Lord  
  200  25:33  Brood Lord  
  196  26:05  Extractor  
  196  26:08  Extractor  
  192  26:11  Hydralisk x4  
Tags
 
Matchup
Co-op
Add a new tag
Caveats
  • Supply blocks, unpowered buildings, or Contaminate may cause inaccurate times.
  • Supply counts are checked every 10 seconds.